 Dungeon Crawl Stone Soup version 0.29.1-1-gd02db6906a (webtiles) character file.

Game seed: 9858711015365770366

5206 112233 the Grappler (level 10, -14/69 HPs)
             Began as an Octopode Fighter on Oct 11, 2022.
             Was an Initiate of Gozag.
             Killed from afar by a manticore (20 damage)
             ... with a volley of spikes
             ... on level 11 of the Dungeon.
             The game lasted 00:14:20 (11859 turns).

112233 the Grappler (Octopode Fighter)             Turns: 11859, Time: 00:14:21

Health: -14/69     AC:  1    Str: 16    XL:     10   Next: 60%
Magic:  0/23       EV: 13    Int: 11    God:    Gozag
Gold:   668        SH: 15    Dex: 15    Spells: 11/14 levels left

rFire   . . .      SeeInvis .     - Unarmed
rCold   . . .      Faith    .   g - +0 tower shield
rNeg    . . .      Spirit   +   (helmet restricted)
rPois   +          Reflect  .   y - amulet of guardian spirit
rElec   .          Harm     .   l - ring of poison resistance
rCorr   .          Rampage  .   r - ring of magical power
Will    +....                   s - ring of willpower
Stlth   ++........              (no ring)
HPRegen 0.21/turn               (no ring)
MPRegen 0.18/turn               (no ring)
                                (no ring)
                                (no ring)

@: brilliant, spiked, hasted, very quick
A: almost no armour, amphibious, 8 rings, camouflage 1, gelatinous body 1,
(nimble swimmer 1), tentacles
a: Renounce Religion, Potion Petition, Call Merchant, Bribe Branch


You were on level 11 of the Dungeon.
You worshipped Gozag.
Gozag was pleased with you.
You visited 1 branch of the dungeon, and saw 12 of its levels.

You collected 1364 gold pieces.
You spent 300 gold pieces at shops.
You paid 396 gold pieces to Gozag.

Inventory:

Hand Weapons
 a - the +6 sling "Periacucra" {speed, rElec rPois rF- Dex+6}
   (You found it on level 6 of the Dungeon)

   Attacks with this weapon are significantly faster.
   Dex:       It affects your dexterity (+6).
   rF:        It makes you vulnerable to fire.
   rElec:     It insulates you from electricity.
   rPois:     It protects you from poison.
 n - the +7 battleaxe "Parogaush" {venom, rPois rCorr Int+2}
   (You found it on level 5 of the Dungeon)

   It poisons the flesh of those it strikes.
   Int:       It affects your intelligence (+2).
   rPois:     It protects you from poison.
   rCorr:     It protects you from acid and corrosion.
Missiles
 k - a datura-tipped dart
Armour
 f - a scarf of repulsion
 g - a +0 tower shield (worn)
 o - a +0 buckler
Jewellery
 l - a ring of poison resistance (left tentacle)
 r - a ring of magical power (right tentacle)
 s - a ring of willpower (on tentacle)
 u - an amulet of magic regeneration
 y - an amulet of guardian spirit (around mantle)
Wands
 v - a wand of flame (9)
 F - a wand of charming (6)
Scrolls
 b - a scroll of magic mapping
 c - 2 scrolls of fear
 e - a scroll of vulnerability {unknown}
 h - 2 scrolls of enchant weapon
 i - 2 scrolls of teleportation
 m - 3 scrolls of poison
 p - a scroll of enchant armour {unknown}
 q - a scroll of amnesia {unknown}
 t - 3 scrolls of noise {unknown}
 w - 2 scrolls of brand weapon {unknown}
 z - a scroll of immolation {unknown}
 A - 2 scrolls of identify {unknown}
Potions
 d - a potion of degeneration {unknown}
 C - 3 potions of ambrosia
 D - 3 potions of attraction {unknown}
 E - a potion of berserk rage {unknown}


   Skills:
 + Level 6.9 Fighting
 - Level 4.6 Ranged Weapons
 + Level 7.0 Dodging
 + Level 7.0 Shields
 * Level 8.9 Unarmed Combat
 + Level 2.6 Spellcasting
 + Level 3.0 Transmutations


You had 11 spell levels left.
You knew the following spells:

 Your Spells              Type           Power      Damage    Failure   Level
a - Beastly Appendage     Tmut           24%        N/A       56%         1
b - Wereblood             Tmut           12%        N/A       71%         2

Your spell library contained the following spells:

 Spells                   Type           Power      Damage    Failure   Level
 Slow                     Hex            8%         N/A       94%         1
 Sublimation of Blood     Necr           2%         N/A       98%         2
 Spider Form              Tmut/Pois      7%         N/A       98%         3
 Ignite Poison            Fire/Tmut/Pois 5%         N/A       99%         3
 Confusing Touch          Hex            2%         N/A       100%        3
 Gell's Gravitas          Tloc           2%         N/A       100%        3
 Mephitic Cloud           Conj/Pois/Air  2%         N/A       100%        3
 Portal Projectile        Hex/Tloc       4%         N/A       100%        3
 Teleport Other           Tloc           2%         N/A       100%        3
 Tukima's Dance           Hex            2%         N/A       100%        3
 Vampiric Draining        Necr           2%         2d6       100%        3
 Blade Hands              Tmut           6%         N/A       100%        5
 Freezing Cloud           Conj/Ice/Air   1%         6-21      100%        5
 Dispersal                Tloc           1%         N/A       100%        6
 Summon Hydra             Summ           1%         N/A       100%        7


Dungeon Overview and Level Annotations

Branches:
Dungeon (12/15)            Temple (0/1) D:6
   Lair: D:8-11         Orc: D:9-12

Altars:
Dithmenos
Elyvilon
Gozag
The Shining One

Shops:
D:1 [   D:9 *

Annotations:
D:2 exclusion: downstairs
D:4 exclusions: Edmund and upstairs, Eustachio
D:7 5 runed translucent doors
D:8 3 runed translucent doors, caveywoolpert's ghost, novice TrBe
D:9 exclusion: 2 upstairs
D:11 exclusion: 2 downstairs


Innate Abilities, Weirdness & Mutations

You cannot wear most types of armour.
You are amphibious.
You can wear up to eight rings at the same time.
Your skin changes colour to match your surroundings (Stealth+).
Your rubbery body absorbs attacks. (AC +1, EV +1)
((You are camouflaged when in or above water. (Stealth+)))
You have tentacles for arms and can constrict up to eight enemies at once.


Message History

Unknown command.
You are now empty-tentacled.
Unknown command.
The barbs in your skin will harm you if you move.
Continue?
You bump into the rock wall.
The manticore closely misses you. The manticore barely misses you. x2
You bludgeon the manticore! Your squeeze misses the manticore.
The manticore is lightly wounded.
You feel less invigorated.
You feel less confused. The manticore barely misses you.
The manticore claws you! You block the manticore's attack.
A manticore is nearby!
You tentacle-slap the manticore. x2; You squeeze the manticore.
The manticore is heavily wounded.
The manticore bites you!! You block the manticore's attack. x2
The manticore bites you!!
* * * LOW HITPOINT WARNING * * *
The manticore claws you!
* * * LOW HITPOINT WARNING * * *
The manticore completely misses you.
Okay, then.
Blink to where?
Press: ? - help, Dir - move target, f - you
Okay, then.
Blink to where?
Press: ? - help, Dir - move target
As you read the scroll of blinking, it crumbles to dust. [a] - 252 gold - invisibility and might [b] - 294 gold - haste and brilliance [c] - 377 gold - heal wounds, curing and berserk rage Purchase which effect?
You no longer have enough gold to fund merchants seeking to open stores in the dungeon.
You feel yourself speed up.
You feel clever all of a sudden.
The manticore flicks its tail.
The volley of spikes hits you!!
The barbed spikes become lodged in your body.
You die...
Your body crumbles into a pile of gold.

#..........#
#..........# #'##
#..# ##$# .## #H###
..# #...# ####'##
###.# #.....# #@#
#.....#
...####.######.....#
#...........'.....#
######..#####.....#
#..# ####'## .. #..#
#.### . ...# #)..##
###.# ###..# ######
#'# ##.#


You could see a manticore.

Vanquished Creatures
  A tengu conjurer (D:11)
  A slime creature (D:11)
  A hornet (D:7)
  11 yaks (D:11)
  2 vampire mosquitoes (D:11)
  Edmund (D:4)
  A sky beast (D:7)
  2 ice beasts (D:7)
  2 ogres
  A black bear (D:5)
  2 phantoms
  2 kobold brigands
  A necrophage (D:3)
  2 bullfrogs
  A scorpion (D:5)
  5 wights (D:8)
  12 killer bees
  A howler monkey (D:6)
  A hound (D:5)
  3 jellies
  2 orc priests
  5 iguanas
  7 orc wizards
  7 adders
  2 ufetubi
  A worm (D:4)
  44 orcs
  8 endoplasms
  6 giant cockroaches
  5 goblins
  5 hobgoblins
  7 jackals
  6 quokkas
  8 ball pythons
  6 bats
  5 frilled lizards
  18 kobolds
  2 rats
197 creatures vanquished.

Vanquished Creatures (collateral kills)
  An orc (D:4)
1 creature vanquished.

Vanquished Creatures (others)
  A ball python (D:4)
  A jackal zombie (D:6)
2 creatures vanquished.

Grand Total: 200 creatures vanquished

Notes
Turn   | Place    | Note
-------+----------+-------------------------------------------
     0 | D:1      | 112233 the Octopode Fighter began the quest for the Orb.
     0 | D:1      | Reached XP level 1. HP: 16/16 MP: 1/1
    77 | D:1      | Found a faded altar of an unknown god.
   739 | D:1      | Reached XP level 2. HP: 21/21 MP: 2/2
  1009 | D:1      | Found Qaokhluy's Armour Emporium.
  1495 | D:2      | Reached XP level 3. HP: 20/26 MP: 3/3
  1969 | D:2      | Reached XP level 4. HP: 31/31 MP: 4/4
  2246 | D:3      | Noticed a necrophage
  2595 | D:4      | Noticed Edmund
  2647 | D:3      | Identified the +1 robe of Fun and Games {+Blink Int+3 Dex-5
                  | SInv}
  2695 | D:4      | Reached skill level 3 in Unarmed Combat
  2729 | D:4      | Reached XP level 5. HP: 37/37 MP: 5/5
  2835 | D:4      | Noticed an ogre
  2878 | D:4      | HP: 1/37 [ogre/+0 giant club (20)]
  2879 | D:4      | Killed an ogre
  2880 | D:4      | Reached skill level 1 in Ranged Weapons
  2880 | D:4      | Reached XP level 6. HP: 1/43 MP: 6/6
  3702 | D:5      | Entered Level 5 of the Dungeon
  3809 | D:5      | Reached skill level 4 in Unarmed Combat
  4899 | D:4      | Killed Edmund
  4900 | D:4      | Reached XP level 7. HP: 25/49 MP: 7/7
  5080 | D:4      | Noticed Eustachio
  5698 | D:4      | Found a white marble altar of Elyvilon.
  5698 | D:4      | Found an opulent altar of Gozag.
  5699 | D:4      | Found a glowing golden altar of the Shining One.
  5705 | D:4      | Found a shadowy altar of Dithmenos.
  5711 | D:4      | Became a worshipper of Gozag Ym Sagoz the Greedy
  5919 | D:6      | Found the +18 Lear's hauberk
  5984 | D:6      | Found a staircase to the Ecumenical Temple.
  6143 | D:6      | Identified the +6 sling "Periacucra" {speed, rElec rPois
                  | rF- Dex+6}
  6171 | D:6      | HP: 1/49 [acid (8)]
  6317 | D:8      | Noticed a kobold demonologist
  6317 | D:8      | Noticed caveywoolpert's ghost (novice TrBe)
  6317 | D:8      | Found a runed translucent gate.
  6317 | D:8      | Found a runed translucent gate.
  6317 | D:8      | Found a runed translucent gate.
  6352 | D:8      | Noticed a steam dragon
  6412 | D:8      | Reached skill level 5 in Unarmed Combat
  6857 | D:9      | Found Hokeh's Assorted Antiques.
  6861 | D:9      | Bought 2 potions of heal wounds for 250 gold pieces
  6861 | D:9      | Bought a scroll labelled LICVOMPIDAG for 25 gold pieces
  6861 | D:9      | Bought a scroll labelled XUNLUOS XYFU for 25 gold pieces
  6902 | D:8      | Reached XP level 8. HP: 34/54 MP: 8/8
  7080 | D:8      | Reached skill level 5 in Dodging
  7080 | D:8      | Reached skill level 5 in Shields
  7081 | D:8      | Reached skill level 5 in Fighting
  7458 | D:7      | Found a runed translucent door.
  7461 | D:7      | Found a runed translucent gate.
  7462 | D:7      | Found a runed translucent gate.
  7465 | D:7      | Found the +9 staff of Olgreb {rPois∞}
  7470 | D:7      | Found a runed translucent door.
  7575 | D:7      | Reached skill level 6 in Unarmed Combat
  8324 | D:5      | Identified the +7 battleaxe "Parogaush" {venom, rPois rCorr
                  | Int+2}
  8344 | D:5      | Reached XP level 9. HP: 45/61 MP: 7/9
  8961 | D:7      | Reached skill level 7 in Unarmed Combat
  9442 | D:7      | Found a runed translucent gate.
  9916 | D:7      | Noticed a hornet
  9933 | D:7      | Killed a hornet
 10973 | D:10     | Entered Level 10 of the Dungeon
 11101 | D:11     | Learned a level 1 spell: Beastly Appendage
 11104 | D:11     | Learned a level 2 spell: Wereblood
 11112 | D:12     | Noticed a komodo dragon
 11112 | D:12     | Noticed a cyclops
 11293 | D:12     | Noticed a manticore
 11404 | D:11     | Reached skill level 1 in Spellcasting
 11404 | D:11     | Reached skill level 1 in Transmutations
 11601 | D:11     | Reached skill level 8 in Unarmed Combat
 11602 | D:11     | Reached XP level 10. HP: 60/69 MP: 12/12
 11834 | D:11     | Noticed a manticore
 11859 | D:11     | Killed from afar by a manticore

Illustrated notes

Levels and vault maps discovered:
D:1:      dpeg_arrival_tiny_k, layout_loops_ring, serial_shops,
          nicolae_lakefront_shop, shapermc_ecumenical_altar_gd
D:2:      minmay_spotlight, layout_rooms, minmay_surrounded
D:3:      layout_rooms
D:4:      layout_rooms, nicolae_overflow_quartered_altars, gup_sewer_entry_pipe,
          hex_large, serial_bayou_pond_e, uniq_edmund, uniq_eustachio
D:5:      layout_rooms, st_stairs_5
D:6:      layout_rooms, minmay_temple_entry_large_hall, enter_ossuary_3
D:7:      layout_basic, minmay_guarded_unrand_staff_of_olgreb
D:8:      layout_basic, gammafunk_ghost_nasty_kobolds
D:9:      layout_loops_corners, serial_shops, shop
D:10:     layout_gridville
D:11:     layout_roguey, lair_entry_dummy, orc_0_dummy
D:12:     minmay_evil_eye, layout_cave_pods, serial_column_ruins,
          column_ruins_grid_1, column_ruins_open_large, column_ruins_open_large,
          column_ruins_grid_1, column_ruins_open_small,
          okawaru_ov_weapons_minmay

Skill      XL: |  1  2  3  4  5  6  7  8  9 10 |
---------------+-------------------------------+-----
Unarmed Combat | 3 4 5 6 8 |  8.9
Fighting       | 4 5 6 |  6.9
Ranged Weapons | 1 2 3 4 |  4.6
Dodging        | 4 5 6 7 |  7.0
Shields        | 4 5 6 7 |  7.0
Spellcasting   | 1 2 |  2.6
Transmutations | 1 3 |  3.0

Action                   |  1- 3 |  4- 6 |  7- 9 | 10-12 || total
-------------------------+-------+-------+-------+-------++-------
Melee: Unarmed           |    50 |    63 |   248 |    18 ||   379
       Constrict         |    11 |    22 |    40 |     2 ||    75
       Punch             |     1 |     1 |     9 |     3 ||    14
       Tentacles         |     9 |    19 |    46 |     5 ||    79
 Fire: Sling             |    31 |    78 |    84 |    20 ||   213
Throw: Dart              |     1 |       |     5 |       ||     6
Invok: Potion Petition   |       |       |       |     1 ||     1
Evoke: Wand              |       |       |     8 |     6 ||    14
  Use: Potion            |       |     1 |    13 |     3 ||    17
       Scroll            |       |       |    10 |     1 ||    11
 Stab: Sleeping          |     6 |       |     1 |       ||     7
       Distracted        |       |     1 |     3 |       ||     4
Armor: Skin              |     6 |     2 |    12 |     2 ||    22
Dodge: Dodged            |    17 |    24 |    99 |    23 ||   163
Block: Tower shield      |    44 |    65 |   194 |    24 ||   327
